 Dungeon Crawl Stone Soup version 0.26-b1-32-g5d43845318 (webtiles) character file.

Game seed: 14407126489849640314

104892 Borgoz the Fighter (level 16, -4/147 HPs)
             Began as a Ghoul Gladiator on Jan 13, 2021.
             Was the Champion of Okawaru.
             Slain by an orc warrior
             ... wielding a +0 battleaxe
              (12 damage)
             ... on level 2 of the Orcish Mines.
             The game lasted 00:40:48 (26033 turns).

Borgoz the Fighter (Ghoul Gladiator)               Turns: 26033, Time: 00:40:48

Health: -4/147     AC: 35    Str: 25    XL:     16   Next: 39%
Magic:  0/22       EV: 16    Int:  5    God:    Okawaru [******]
Gold:   2310       SH:  0    Dex: 19    Spells: 20/25 levels left

rFire    + . .     SeeInvis +   a - +4 great mace (protect)
rCold    + . .     Faith    .   (shield currently unavailable)
rNeg     + + +     Spirit   +   C - +6 plate armour "Bezxorazos" {rElec rF+ Str-3 Int+2}
rPois    ∞         Reflect  .   H - +2 hat
rElec    +         Harm     +   i - scarf {harm}
rCorr    .         Rampage  .   q - +1 pair of gloves "Dasaots" {rPois Regen+ SInv}
Will     +....                  L - +1 pair of boots {Fly}
Stlth    ..........             u - amulet of guardian spirit
HPRegen  0.00/turn              h - +6 ring of strength
MPRegen  0.18/turn              J - +6 ring of dexterity

@: protection aura, flying, studying Translocations
A: claws 1, cold resistance 1, negative energy resistance 3, inhibited
regeneration, torment resistance, unbreathing
a: Stop Flying, Renounce Religion, Heroism, Finesse


You were on level 2 of the Orcish Mines.
You worshipped Okawaru.
Okawaru was exalted by your worship.
You visited 4 branches of the dungeon, and saw 24 of its levels.
You also visited: Gauntlet.

You collected 2482 gold pieces.
You spent 172 gold pieces at shops.

Inventory:

Hand Weapons
 a - a +4 great mace of protection (weapon)
 A - the +1 glaive "Ocveh" {vorpal, rF+ Will+ Str-2 Int+3}
   (Okawaru gifted it to you on level 4 of the Lair of Beasts)

   It inflicts extra damage upon your enemies.
   It affects your strength (-2).
   It affects your intelligence (+3).
   It protects you from fire.
   It affects your willpower, your defense against some magical effects.
 F - the +5 lajatang "Rujoixam" {vorpal, Str+4 Int+4 Dex-4}
   (Okawaru gifted it to you on level 13 of the Dungeon)

   It inflicts extra damage upon your enemies.
   It affects your strength (+4).
   It affects your intelligence (+4).
   It affects your dexterity (-4).
Missiles
 d - a throwing net (quivered)
Armour
 c - the +3 buckler of Sithiny {*Corrode rElec rN+ Will+}
   (Okawaru gifted it to you on level 14 of the Dungeon)

   It insulates you from electricity.
   It protects you from negative energy.
   It affects your willpower, your defense against some magical effects.
   It may corrode you when you take damage.
 e - a scarf of repulsion
 i - a scarf of harm (worn)
 q - the +1 pair of gloves "Dasaots" (worn) {rPois Regen+ SInv}
   (You found it on level 6 of the Dungeon)

   It protects you from poison.
   It lets you see invisible.
   It increases your rate of regeneration.
 C - the +6 plate armour "Bezxorazos" (worn) {rElec rF+ Str-3 Int+2}
   (You took it off a minotaur in a Gauntlet)

   It affects your strength (-3).
   It affects your intelligence (+2).
   It protects you from fire.
   It insulates you from electricity.
 H - a +2 hat (worn)
 L - a +1 pair of boots of flying (worn)
Jewellery
 h - a +6 ring of strength (left hand)
 k - a +4 ring of slaying
 m - the ring of Seduvos {Ice Will+}
   (You found it in a Gauntlet)

   [ring of ice]

   It enhances your ice magic.
   It makes you vulnerable to fire.
   It protects you from cold.
   It affects your willpower, your defense against some magical effects.
 n - an uncursed ring of resist corrosion
 r - an uncursed ring of protection from fire
 u - an amulet of guardian spirit (around neck)
 J - a +6 ring of dexterity (right hand)
 Q - the amulet of the Air {Inacc +Fly rElec EV+5 RMsl}
   (You found it on level 6 of the Lair of Beasts)

   [amulet of inaccuracy]

   It reduces the accuracy of all your attacks.
   It affects your evasion (+5).
   It insulates you from electricity.
   It lets you fly.
   It protects you from missiles.
 S - a +4 ring of evasion
Wands
 s - a wand of iceblast (27)
 w - a wand of paralysis (8)
 y - a wand of flame (66)
 z - a wand of acid (24)
 K - a wand of disintegration (20)
Scrolls
 f - 14 scrolls of remove curse
 l - a scroll of enchant armour
 p - 5 scrolls of teleportation
 D - a scroll of fear
 G - a scroll of fog
 I - 2 scrolls of magic mapping
 M - a scroll of blinking
 N - a scroll of silence
Potions
 b - 3 potions of ambrosia
 g - a potion of cancellation
 j - 6 potions of haste
 o - a potion of might
 v - 2 potions of magic
 x - 2 potions of lignification
 B - 8 potions of brilliance
 E - 5 potions of curing
 O - a potion of heal wounds
 P - a potion of mutation {unknown}
Books
 t - a manual of Translocations


   Skills:
 * Level 14.3 Fighting
 * Level 12.4 Maces & Flails
 - Level 1.7 Throwing
 * Level 12.1 Armour
 * Level 12.4 Dodging
 - Level 5.0 Stealth
 - Level 5.0 Spellcasting
 + Level 3.3 Hexes
 + Level 7.7 Translocations
 - Level 5.0 Invocations
 + Level 3.8 Evocations


You had 20 spell levels left.
You knew the following spells:

 Your Spells              Type           Power        Failure   Level
a - Blink                 Tloc           N/A          19%         2
b - Confusing Touch       Hex            4%           91%         3

Your spell library contained the following spells:

 Spells                   Type           Power        Failure   Level
 Gell's Gravitas          Tloc           4%           36%         3
 Corona                   Hex            4%           58%         1
 Slow                     Hex            4%           73%         2
 Passage of Golubria      Tloc           N/A          77%         4
 Ensorcelled Hibernation  Hex/Ice        4%           91%         2
 Tukima's Dance           Hex            4%           91%         3
 Freeze                   Ice            4%           96%         1
 Magic Dart               Conj           4%           96%         1
 Sandblast                Erth           2%           96%         1
 Shock                    Conj/Air       4%           96%         1
 Call Imp                 Summ           1%           99%         2
 Corpse Rot               Necr/Air       N/A          99%         2
 Passwall                 Tmut/Erth      0%           99%         2
 Swiftness                Air            1%           99%         2
 Dazzling Flash           Conj/Hex       4%           99%         3
 Conjure Flame            Conj/Fire      1%           100%        3
 Frozen Ramparts          Ice            2%           100%        3
 Mephitic Cloud           Conj/Pois/Air  1%           100%        3
 Ozocubu's Armour         Ice            1%           100%        3
 Static Discharge         Conj/Air       1%           100%        3
 Stone Arrow              Conj/Erth      2%           100%        3
 Airstrike                Air            0%           100%        4
 Dispel Undead            Necr           1%           100%        4
 Hailstorm                Conj/Ice       1%           100%        4
 Petrify                  Tmut/Erth      1%           100%        4
 Summon Ice Beast         Ice/Summ       1%           100%        4
 Agony                    Necr           1%           100%        5
 Excruciating Wounds      Necr           0%           100%        5
 Lee's Rapid Deconstruct  Erth           0%           100%        5
 Lightning Bolt           Conj/Air       0%           100%        5
 Metabolic Englaciation   Hex/Ice        1%           100%        5
 Yara's Violent Unravell  Hex/Tmut       1%           100%        5
 Invisibility             Hex            4%           100%        6
 Sublimation of Blood     Necr           Unusable     N/A         2

Dungeon Overview and Level Annotations

Branches:
Dungeon (15/15)            Temple (1/1) D:4            Lair (6/6) D:9
  Swamp (0/4) Lair:4        Snake (0/4) Lair:2        Slime (0/5) Lair:5
    Orc (2/2) D:12         Vaults (0/5) D:14         Depths (0/5) D:15
Gauntlet (visited)
    Elf: Orc:2

Altars:
Ashenzari
Cheibriados
Dithmenos
Elyvilon
Fedhas
Gozag
Hepliaklqana
Kikubaaqudgha
Makhleb
Nemelex Xobeh
Okawaru
Qazlal
Ru
Sif Muna
Trog
Uskayaw
Vehumet
Wu Jian
Xom
Yredelemnul
Zin
The Shining One
Jiyva

Shops:
D:4 *   D:5 *   D:7 }[(   D:10 }   D:14 (   Orc:2 =

Annotations:
Orc:2 Urug


Innate Abilities, Weirdness & Mutations

You thrive by killing the living.
You are immune to poison.
You have sharp fingernails.
Your flesh is cold resistant. (rC+)
You are immune to negative energy. (rN+++)
You do not regenerate when monsters are visible.
You are immune to unholy pain and torment.
You can survive without breathing.


Message History

The orc warrior closely misses you. The orc warrior barely misses you.
You are too injured to fight recklessly!
You hit the orc knight.
The orc knight is lightly wounded.
The hellwing hits you but does no damage.
The hellwing misses you.
The orc sorcerer hits you but does no damage.
The orc knight hits you but does no damage.
The orc sorcerer closely misses you. The orc closely misses you.
The orc warrior hits you but does no damage.
The orc warrior hits you with a +2 short sword of flaming.
* * * LOW HITPOINT WARNING * * *
You thump the orc knight!
The orc knight is moderately wounded.
The orc sorcerer no longer looks unusually strong.
The orc warrior no longer looks unusually strong.
Urug hits you with a +7 eveningstar!!
* * * LOW HITPOINT WARNING * * *
The orc warrior hits you with a +0 battleaxe!
You die...

.............#.#
................
..P..P.........#
................
.∩......4.......
......ooOoo.....
......ooo3.o....
......oo@oo.....
P.P....o4o......
...........#....
................
.............# .
...............
................
...........##...


You could see an orc warlord (strong), an orc knight (strong), Urug (strong), a
soul eater (summoned), an orc high priest (strong), a hellwing (summoned), a
chaos spawn (summoned), 2 orc sorcerers, 4 orc warriors, an ogre and 4 orcs.

Vanquished Creatures
  Rupert (Lair:4)
  Jorgrun (D:14)
  A minotaur (Gauntlet)
  A fire dragon (Lair:6)
  Harold (D:9)
  Erolcha (D:12)
  A great orb of eyes (Gauntlet)
  5 boulder beetles
  5 hydras
  3 centaur warriors
  A vault guard (D:14)
  Erica (D:8)
  8 death yaks
  3 two-headed ogres
  A vampire mage (D:15)
  Nergalle (Lair:2)
  Sonja (D:12)
  6 skeletal warriors (D:15)
  3 unseen horrors
  2 lindwurms (Lair:6)
  A bog body (Lair:4)
  5 orc knights (D:15)
  A deep elf archer (D:14)
  A sphinx zombie (D:15)
  A necromancer (D:15)
  14 ugly things
  4 manticores
  2 oklob plants (Lair:4)
  3 cyclopes
  2 deep elf magi
  2 wolf spiders (Lair:6)
  12 black mambas
  5 elephants (Lair:5)
  A guardian serpent (Lair:6)
  13 cane toads
  Maggie (D:8)
  Joseph (D:8)
  6 torpor snails (Lair:6)
  2 gargoyles
  A kobold demonologist (D:13)
  4 centaur skeletons
  8 komodo dragons
  A rime drake (Lair:4)
  3 polar bears
  A queen bee (D:9)
  5 yaktaurs (D:15)
  3 tyrant leeches (Lair:6)
  5 trolls
  8 hornets (Lair:6)
  24 blink frogs
  A fire dragon zombie (D:15)
  13 dream sheep
  3 slime creatures (D:12)
  A vampire (D:15)
  2 redbacks (Lair:6)
  A fire dragon skeleton (D:15)
  63 yaks
  A water elemental (D:15)
  A deep troll skeleton (D:15)
  A shadow (D:14)
  5 fire bats (Gauntlet)
  15 wyverns
  3 basilisks
  A steam dragon (Lair:5)
  4 vampire mosquitoes (D:15)
  Eustachio (D:5)
  3 nagas (Lair:2)
  17 water moccasins
  7 wargs
  2 acid dragons
  A hell hound (Gauntlet)
  14 orc warriors
  2 ice beasts
  4 black bears
  3 sky beasts
  An eye of draining (D:14)
  6 phantoms
  4 necrophages
  9 ogres
  13 centaurs
  5 big kobolds
  17 bullfrogs
  A wyvern zombie (D:11)
  A gnoll sergeant (D:9)
  3 scorpions
  A wyvern skeleton (D:15)
  45 killer bees
  2 electric eels
  18 wights
  4 howler monkeys
  2 centaur zombies
  2 bullfrog zombies
  10 orc priests
  A hound (D:10)
  4 jellies
  2 quasits (D:11)
  16 orc wizards
  Crazy Yiuf (D:7)
  3 bullfrog skeletons
  7 iguanas
  9 worker ants
  2 hound zombies (D:6)
  2 howler monkey zombies
  7 gnolls
  11 adders
  2 shadow imps
  4 white imps
  2 ufetubi (D:9)
  An ooze (D:3)
  2 adder skeletons
  2 worms
  A dart slug (D:1)
  4 leopard geckos
  52 orcs
  6 bats
  6 giant cockroaches
  16 goblins
  11 hobgoblins
  10 jackals
  5 quokkas
  3 ball pythons
  6 frilled lizards
  20 kobolds
  2 leopard gecko skeletons
  4 rats
724 creatures vanquished.

Vanquished Creatures (others)
  An orc (D:6)
  A frilled lizard (D:4)
  19 bushes (Lair:6)
  51 fungi
  111 plants
  12 withered plants (D:15)
195 creatures vanquished.

Grand Total: 919 creatures vanquished

Notes
Turn   | Place    | Note
-------+----------+-------------------------------------------
     0 | D:1      | Borgoz the Ghoul Gladiator began the quest for the Orb.
     0 | D:1      | Reached XP level 1. HP: 17/17 MP: 0/0
   267 | D:1      | Reached XP level 2. HP: 25/25 MP: 1/1
   436 | D:1      | Reached skill level 1 in Armour
   464 | D:1      | Reached XP level 3. HP: 16/30 MP: 2/2
  1058 | D:2      | Reached XP level 4. HP: 13/37 MP: 3/3
  1064 | D:2      | Reached skill level 3 in Fighting
  2077 | D:3      | Found a bloodstained altar of Trog.
  2288 | D:3      | Reached XP level 5. HP: 45/45 MP: 4/4
  2896 | D:4      | Found a hazy altar of Hepliaklqana.
  2916 | D:4      | Found a staircase to the Ecumenical Temple.
  2927 | Temple   | Entered the Ecumenical Temple
  2942 | Temple   | Became a worshipper of Warmaster Okawaru
  3068 | D:4      | Reached XP level 6. HP: 52/52 MP: 5/5
  3183 | D:4      | Found Xayz's General Store.
  3248 | D:4      | Found a white marble altar of Elyvilon.
  3284 | D:4      | Reached skill level 4 in Fighting
  3294 | D:4      | Noticed a phantom
  3320 | D:4      | Killed a phantom
  3321 | D:4      | Reached skill level 1 in Invocations
  3714 | D:4      | Reached XP level 7. HP: 59/59 MP: 6/6
  4225 | D:5      | Entered Level 5 of the Dungeon
  4225 | D:5      | Found Guhuxom's General Store.
  4250 | D:5      | Reached * piety under Okawaru
  4300 | D:5      | Bought a scroll of identify for 30 gold pieces
  4300 | D:5      | Bought a scroll of magic mapping for 52 gold pieces
  4725 | D:5      | Noticed Eustachio
  4732 | D:5      | Killed Eustachio
  4733 | D:5      | Reached skill level 5 in Fighting
  4733 | D:5      | Reached XP level 8. HP: 66/68 MP: 8/8
  5245 | D:5      | Reached ** piety under Okawaru
  5246 | D:5      | Reached skill level 5 in Maces & Flails
  5246 | D:5      | Reached skill level 5 in Dodging
  5739 | D:6      | Got a pair of spiked gloves
  5745 | D:6      | Identified the +1 pair of gloves "Dasaots" {rPois Regen+
                  | SInv} (You found it on level 6 of the Dungeon)
  5917 | D:6      | Reached skill level 6 in Fighting
  6028 | D:6      | Found a sparkling altar of Nemelex Xobeh.
  6028 | D:6      | Found a hide-covered altar of Uskayaw.
  6090 | D:6      | Reached XP level 9. HP: 63/75 MP: 10/10
  6222 | D:6      | Found an iron altar of Okawaru.
  6316 | D:6      | Reached skill level 5 in Armour
  6570 | D:7      | Found Xeomy's Antique Weapon Shop.
  6602 | D:7      | Found a shadowy altar of Dithmenos.
  6603 | D:7      | Noticed a red ugly thing
  6617 | D:7      | Killed a red ugly thing
  6750 | D:7      | Learned a level 2 spell: Blink
  6754 | D:7      | Learned a level 3 spell: Confusing Touch
  6786 | D:7      | Found Baidaydo's Armour Boutique.
  6821 | D:7      | Reached *** piety under Okawaru
  6904 | D:7      | Found a runed translucent door.
  6905 | D:7      | Noticed Crazy Yiuf
  6968 | D:7      | Found Utarghes's Gadget Shop.
  6983 | D:7      | Found a snail-covered altar of Cheibriados.
  7045 | D:7      | Reached skill level 7 in Fighting
  7050 | D:7      | Found an ornate altar of the Wu Jian Council.
  7215 | D:7      | Killed Crazy Yiuf
  7264 | D:8      | Noticed Maggie
  7279 | D:8      | Killed Maggie
  7280 | D:8      | Reached skill level 1 in Translocations
  7633 | D:8      | Reached skill level 1 in Spellcasting
  7686 | D:8      | Reached XP level 10. HP: 84/86 MP: 10/12
  7787 | D:8      | Noticed Erica
  7802 | D:8      | Killed Erica
  7802 | D:8      | Reached **** piety under Okawaru
  7890 | D:8      | Noticed Joseph
  7901 | D:8      | Killed Joseph
  8086 | D:9      | Reached skill level 8 in Fighting
  8090 | D:9      | Reached ***** piety under Okawaru
  8307 | D:9      | Noticed a two-headed ogre
  8307 | D:9      | Noticed a two-headed ogre
  8325 | D:9      | Killed a two-headed ogre
  8325 | D:9      | Received a gift from Okawaru
  8326 | D:9      | Reached skill level 5 in Invocations
  8326 | D:9      | Got an opalescent robe {god gift}
  8333 | D:9      | Killed a two-headed ogre
  8334 | D:9      | Reached XP level 11. HP: 72/95 MP: 10/13
  8420 | D:9      | Reached skill level 9 in Fighting
  8447 | D:9      | HP: 2/97 [yak (12)]
  8606 | D:8      | Identified the +0 robe of Ikhinaps {rN++ SInv} (Okawaru
                  | gifted it to you on level 9 of the Dungeon)
  8841 | D:9      | Noticed Harold
  8844 | D:9      | Found a shimmering blue altar of Sif Muna.
  8853 | D:9      | Killed Harold
  8949 | D:9      | Found a stormy altar of Qazlal.
  9004 | D:9      | Found a sacrificial altar of Ru.
  9098 | D:9      | Found a staircase to the Lair.
  9106 | D:9      | Reached skill level 5 in Translocations
  9275 | D:9      | Found a glowing golden altar of the Shining One.
  9332 | D:10     | Entered Level 10 of the Dungeon
  9479 | D:10     | Noticed an unseen horror
  9484 | D:10     | Killed an unseen horror
  9501 | D:10     | Noticed an unseen horror
  9511 | D:10     | Killed an unseen horror
  9525 | D:10     | Received a gift from Okawaru
  9916 | D:10     | Found Veirocw's Gadget Emporium.
 10263 | D:11     | Reached XP level 12. HP: 104/106 MP: 13/16
 10359 | D:11     | Found a gate leading to a gauntlet.
 10367 | Gauntlet | Entered a Gauntlet
 10367 | Gauntlet | Found a transporter.
 10370 | Gauntlet | Found a transporter.
 10371 | Gauntlet | Noticed a death yak
 10372 | Gauntlet | Noticed a great orb of eyes
 10372 | Gauntlet | Noticed a death yak
 10382 | Gauntlet | Noticed a death yak
 10383 | Gauntlet | Noticed a death yak
 10383 | Gauntlet | Noticed a death yak
 10385 | Gauntlet | Found a transporter.
 10389 | Gauntlet | Found a transporter.
 10398 | Gauntlet | Noticed a catoblepas
 10410 | Gauntlet | Found a transporter.
 10424 | Gauntlet | Found a transporter.
 10443 | Gauntlet | Found a transporter.
 10444 | Gauntlet | Found a transporter.
 10450 | Gauntlet | Found a transporter.
 10450 | Gauntlet | Found a transporter.
 10454 | Gauntlet | Noticed a five-headed hydra
 10461 | Gauntlet | Found a transporter.
 10484 | Gauntlet | Found a transporter.
 10596 | Gauntlet | Killed a great orb of eyes
 10597 | Gauntlet | Reached skill level 10 in Fighting
 10606 | Gauntlet | Reached ****** piety under Okawaru
 10619 | Gauntlet | Got a shimmering glass ring
 10627 | Gauntlet | Identified the ring of Seduvos {Ice Will+} (You found it in
                  | a Gauntlet)
 10738 | Gauntlet | Got a bloodstained helmet
 10740 | Gauntlet | Identified the +6 plate armour "Bezxorazos" {rElec rF+
                  | Str-3 Int+2}
 10740 | Gauntlet | Noticed a minotaur
 10740 | Gauntlet | HP: 4/106 [hell hound (5)]
 10784 | Gauntlet | Killed a minotaur
 10802 | Gauntlet | Identified the +2 helmet "Norut" {-Tele Rampage Stlth+}
                  | (You found it in a Gauntlet)
 11250 | D:11     | Noticed a two-headed ogre
 11259 | D:11     | Killed a two-headed ogre
 11259 | D:11     | Received a gift from Okawaru
 11901 | D:12     | Found a staircase to the Orcish Mines.
 11903 | D:12     | Noticed Erolcha
 11911 | D:12     | Killed Erolcha
 11984 | D:12     | Reached skill level 11 in Fighting
 11994 | D:12     | Reached XP level 13. HP: 100/116 MP: 15/18
 12087 | D:12     | Noticed Sonja
 12107 | D:12     | Killed Sonja
 12749 | D:13     | Received a gift from Okawaru
 12750 | D:13     | Reached skill level 10 in Maces & Flails
 12750 | D:13     | Got a pitted lajatang {god gift}
 12757 | D:13     | Identified the +5 lajatang "Rujoixam" {vorpal, Str+4 Int+4
                  | Dex-4} (Okawaru gifted it to you on level 13 of the
                  | Dungeon)
 13145 | D:13     | Found a snail-covered altar of Cheibriados.
 13165 | D:13     | Reached skill level 10 in Dodging
 13597 | D:14     | Found a snail-covered altar of Cheibriados.
 13742 | D:14     | Noticed Jorgrun
 13761 | D:14     | Killed Jorgrun
 13762 | D:14     | Reached skill level 5 in Spellcasting
 14010 | D:14     | Received a gift from Okawaru
 14011 | D:14     | Got a twisted buckler {god gift}
 14142 | D:14     | Identified the +3 buckler of Sithiny {*Corrode rElec rN+
                  | Will+} (Okawaru gifted it to you on level 14 of the
                  | Dungeon)
 14277 | D:14     | Reached skill level 10 in Armour
 14428 | D:14     | Reached skill level 12 in Fighting
 14495 | D:14     | Found Keossuts's Weapon Boutique.
 14643 | D:14     | Noticed a vault guard
 14661 | D:14     | Killed a vault guard
 14713 | D:14     | Found a gate to the Vaults.
 15055 | D:15     | Entered Level 15 of the Dungeon
 15171 | D:15     | Reached XP level 14. HP: 101/126 MP: 18/20
 16067 | D:15     | Found a staircase to the Depths.
 16114 | D:15     | Received a gift from Okawaru
 16456 | D:15     | HP: 6/127 [purple ugly thing (2)]
 17090 | D:15     | Reached skill level 13 in Fighting
 17955 | Lair:1   | Entered Level 1 of the Lair of Beasts
 18041 | Lair:1   | Reached skill level 1 in Stealth
 18805 | Lair:2   | Noticed Nergalle
 18834 | Lair:2   | Killed Nergalle
 18835 | Lair:2   | Reached skill level 1 in Evocations
 18864 | Lair:2   | You fall into a shaft and drop 2 floors!
 18932 | Lair:4   | Found a staircase to the Swamp.
 19073 | Lair:3   | Reached skill level 1 in Hexes
 19192 | Lair:2   | Found a staircase to the Snake Pit.
 19376 | Lair:2   | Reached XP level 15. HP: 136/136 MP: 21/21
 20622 | Lair:4   | Noticed Rupert
 20627 | Lair:4   | Paralysed by Rupert for 4 turns
 20862 | Lair:4   | Killed Rupert
 21081 | Lair:4   | Received a gift from Okawaru
 21388 | Lair:4   | Received a gift from Okawaru
 21391 | Lair:4   | Got an ichor-stained glaive {god gift}
 21942 | Lair:5   | Found a viscous altar of Jiyva.
 21942 | Lair:5   | Found a staircase to the Slime Pits.
 22706 | Lair:5   | Received a gift from Okawaru
 22917 | Lair:5   | Identified the +1 glaive "Ocveh" {vorpal, rF+ Will+ Str-2
                  | Int+3} (Okawaru gifted it to you on level 4 of the Lair of
                  | Beasts)
 22942 | Lair:6   | Entered Level 6 of the Lair of Beasts
 23166 | Lair:6   | Reached skill level 14 in Fighting
 23206 | Lair:6   | Reached XP level 16. HP: 72/146 MP: 8/22
 23358 | Lair:6   | HP: 6/146 [torpor snail (14)]
 24058 | Lair:6   | Found a runed translucent door.
 24622 | Lair:6   | Found the amulet of the Air {Inacc +Fly rElec EV+5 RMsl}
 24971 | Lair:6   | Reached skill level 5 in Stealth
 25554 | D:4      | Bought a scroll of enchant weapon for 90 gold pieces
 25860 | Orc:1    | Entered Level 1 of the Orcish Mines
 26019 | Orc:2    | Entered Level 2 of the Orcish Mines
 26019 | Orc:2    | Found Supt's Jewellery Emporium.
 26022 | Orc:2    | Noticed Urug
 26033 | Orc:2    | Slain by an orc warrior

Illustrated notes

Levels and vault maps discovered:
D:1:      minmay_arrival_wavy_path, layout_basic
D:2:      layout_loops_ring, small_statue_intersection
D:3:      layout_basic, overflow_temple_1_default, serial_corexii_hall,
          chequers_hall_statues_corner_a, corexii_hall_statues_l
D:4:      cheibrodos_greedy_goblins, layout_basic, elyvilon_altar_4,
          lemuel_coloured_pillars_altar, minmay_temple_entry_overgrown,
          serial_shops, kennysheep_mini, minmay_manual_mess
D:5:      layout_gridville, serial_shops, nicolae_shop_trees, uniq_eustachio
D:6:      layout_loops_ring, gammafunk_temple_overflow_wave, minivault_1,
          okawaru_altar_gauntlet_db
D:7:      layout_loops_ring, nzn_wu_jian_council_hall, general_overflow_altar,
          serial_shops, shop, shop_fountains, shop,
          ebering_dispersal_statue_hall, nicolae_dithmenos_shadow_blocks,
          uniq_crazy_yiuf_cottage
D:8:      layout_basic, uniq_maggie, uniq_joseph, uniq_erica
D:9:      layout_roguey [special_room_bee], hangedman_ru_absence,
          lemuel_round_altar, lemuel_crystal_altar, old_standard_altar,
          grunt_lair_entry_orc_guard_hut, serial_bayou_pond_b,
          chequers_serial_rivers_micro_c, uniq_harold
D:10:     layout_loops_corners, serial_shops, shop, serial_glass,
          glass_columns_a, glass_columns_b, minmay_strange_pillars,
          due_unseen_surprise
D:11:     layout_gridville, gauntlet_entry_generic, hangedman_decor_lopped
D:12:     layout_loops_ring, orc_0_dummy, uniq_erolcha, uniq_sonja
D:13:     layout_loops_ring, basic_altar
D:14:     layout_long_grid, david_vaults_5, basic_altar, serial_shops,
          shop_coins, uniq_jorgrun
D:15:     gammafunk_depths_entry_grave, layout_cave_pods,
          hangedman_abyss_or_decor_jellyfish_corner, nooodl_orcs_dogs
Temple:   pf_slime_end_temple
Lair:1:   layout_loops_ring, chequers_serial_rivers_micro_b, grunt_megastairs_1
Lair:2:   layout_cave_pods, guppyfry_snake_entry_garden,
          chequers_serial_rivers_small_a, uniq_nergalle
Lair:3:   layout_gridlike, grunt_megastairs_2
Lair:4:   layout_hall_layers, skrybe_swamp_entry_bodies,
          minmay_lair_oklob_chamber, grunt_megastairs_4, lemuel_fruit_tree,
          serial_bayou_shore_a, uniq_rupert
Lair:5:   layout_regular_city, slime_altar_1, chequers_serial_rivers_small_b,
          serial_bayou_pond_e, chequers_serial_rivers_room_a
Lair:6:   hangedman_lair_tendril_chambers, layout_regular_city, wormcave,
          minmay_hedge_maze
Orc:1:    layout_caves
Orc:2:    grunt_orc_gardens, layout_caves, grunt_orc_garden, grunt_orc_garden,
          grunt_orc_garden, grunt_orc_garden, serial_shops, shop_fountains,
          mines_bat_river, uniq_urug

Skill      XL: |  1  2  3  4  5  6  7  8  9 10 11 12 13 14 15 16 |
---------------+-------------------------------------------------+-----
Armour         | 1 2 3 4 5 6 7 9 10 11 12 | 12.1
Maces & Flails | 3 4 5 6 7 8 9 10 11 12 | 12.4
Dodging        | 3 4 5 6 7 8 9 10 11 12 | 12.4
Fighting       | 3 4 5 6 7 8 9 11 12 13 14 | 14.3
Invocations    | 1 2 3 4 5 |  5.0
Translocations | 1 4 5 7 |  7.7
Spellcasting   | 1 2 3 4 5 |  5.0
Stealth        | 1 4 5 |  5.0
Evocations     | 1 3 |  3.8
Hexes          | 1 2 3 |  3.3
Throwing       | |  1.7

Action                   |  1- 3 |  4- 6 |  7- 9 | 10-12 | 13-15 | 16-18 || total
-------------------------+-------+-------+-------+-------+-------+-------++-------
Melee: Flail             |    87 |   202 |   166 |       |    98 |       ||   553
       Dire flail        |       |       |   148 |   712 |   994 |       ||  1854
       Great mace        |       |       |       |       |   300 |   283 ||   583
Throw: Throwing net      |       |     3 |     3 |     4 |     5 |     1 ||    16
Evoke: Wand              |       |       |       |       |     5 |       ||     5
  Use: Scroll            |       |     1 |    10 |     8 |    10 |     6 ||    35
       Potion            |       |     1 |     2 |     5 |     6 |     1 ||    15
 Stab: Held in net/web   |       |       |     1 |     3 |     5 |       ||     9
       Paralysed         |       |       |       |       |     4 |       ||     4
Armor: Leather armour    |    29 |     5 |       |       |       |       ||    34
       Scale mail        |       |    93 |   151 |   300 |       |       ||   544
       Plate armour      |       |       |       |   173 |   995 |   284 ||  1452
Dodge: Dodged            |    79 |   126 |   242 |   732 |   974 |   376 ||  2529
